 Dungeon Crawl Stone Soup version 0.31.0-1-g2c135a0 (webtiles) character file.

Game seed: 8954476919635659058

179 Descartes the Shield-Bearer (level 5, -1/41 HPs)
             Began as a Formicid Fighter on Jan 24, 2024.
             Was an Initiate of Gozag.
             Incinerated by a bombardier beetle (2 damage)
             ... with a burning spray
             ... on level 4 of the Dungeon.
             The game lasted 00:08:24 (2268 turns).

Descartes the Shield-Bearer (Formicid Fighter)      Turns: 2268, Time: 00:08:24

Health: -1/41      AC:  6    Str: 19 (22) XL:     5   Next: 90%
Magic:  5/5        EV:  8    Int:  4 (6)  God:    Gozag
Gold:   142        SH:  9    Dex: 14 (17) Spells: 4/4 levels left

rFire   + . .        l - +1 short sword (vamp)
rCold   . . .        q - +0 kite shield
rNeg    . . .        b - +0 scale mail
rPois   .            (helmet unavailable)
rElec   .            (no cloak)
rCorr   .            (no gloves)
SInv    +            (no boots)
Will    .....        (no amulet) Stlth
                     p - ring of protection from fire
HPRegen 0.26/turn    (no ring)
MPRegen 0.09/turn

%: no passive effects
@: mighty, brilliant, on fire, gold aura, glowing
A: permanent stasis, dig shafts and tunnels, antennae 3, four strong arms, agile
1
a: Dig, Shaft Self, Renounce Religion, Potion Petition, Call Merchant, Bribe
Branch


You were on level 4 of the Dungeon.
You worshipped Gozag.
Gozag was aware of your devotion.
You visited 2 branches of the dungeon, and saw 5 of its levels.

You collected 195 gold pieces.
You paid 53 gold pieces to Gozag.

Inventory:

Hand Weapons
 a - a +0 war axe
 l - a +1 vampiric short sword (weapon)
Missiles
 i - 3 poisoned darts
Armour
 b - a +0 scale mail (worn)
 c - a +0 buckler
 q - a +0 kite shield (worn)
Jewellery
 p - a ring of protection from fire (left hand)
Scrolls
 e - 2 scrolls of enchant armour {unknown}
 f - 6 scrolls of teleportation {unknown}
 g - 3 scrolls of identify {unknown}
 j - a scroll of poison {unknown}
 k - 3 scrolls of fog {unknown}
Potions
 o - a potion of haste {unknown}
 r - a potion of heal wounds {unknown}


   Skills:
 - Level 3.2 Fighting
 + Level 2.7 Long Blades
 - Level 2.0 Axes
 - Level 3.2 Armour
 + Level 5.7 Shields
 + Level 2.2 Translocations
 - Level 1.0 Earth Magic


You had 4 spell levels left.
You didn't know any spells.
Your spell library was empty.

Dungeon Overview and Level Annotations

Branches:
Dungeon (4/15)             Temple (1/1) D:4

Altars:
Dithmenos
Elyvilon
Fedhas
Gozag
Hepliaklqana
Nemelex Xobeh
Qazlal
Ru
Sif Muna
Trog
Wu Jian
Yredelemnul
Zin
The Shining One

Shops:
D:1 (

Annotations:
D:3 3 runed translucent doors, Crazy Yiuf; magiryoung's ghost, amateur VSFi


Innate Abilities, Weirdness & Mutations

You cannot be hasted, slowed, berserked, paralysed or teleported.
You can dig through walls and to a lower floor.
You have a pair of large antennae on your head. (SInv)
Your four strong arms can wield two-handed weapons with a shield.
You are agile. (Dex +4, Str/Int -1)


Message History

Unknown command.
You hit the bombardier beetle.
The bombardier beetle is almost dead.
The liquid fire burns you!
* * * LOW HITPOINT WARNING * * *
The endoplasm barely misses you.
You block the bombardier beetle's attack.
You feel very mighty all of a sudden. The liquid fire burns you!
* * * LOW HITPOINT WARNING * * *
You block the endoplasm's attack.
It was a potion of degeneration.
There was something very wrong with that liquid.
You feel weakened.
You feel dopey.
You feel clumsy. The liquid fire burns you!
* * * LOW HITPOINT WARNING * * *
You block the endoplasm's attack.
The bombardier beetle bites you but does no damage.
You puncture the endoplasm!
You kill the endoplasm!
The liquid fire burns you!
* * * LOW HITPOINT WARNING * * *
You shake off some of the fire as you move.
The liquid fire burns you!
* * * LOW HITPOINT WARNING * * *
You block the bombardier beetle's attack.
You see here 8 gold pieces.
You shake off some of the fire as you move.
The liquid fire burns you!
* * * LOW HITPOINT WARNING * * *
Okay, then.
You need at least 400 gold to purchase potions right now!
It was a potion of mutation.
You feel extremely strange.
You feel agile. The liquid fire burns you!
* * * LOW HITPOINT WARNING * * *
It was a potion of brilliance.
You feel clever all of a sudden. The liquid fire burns you!
You die...
Your body crumbles into a pile of gold.

###... .......
#########....... ###
#............... . ..
#...............
.##.#####...............
..#................#....
#............[.$B.......
#....###.......@.......
#....###....[..........
#.....#............[...
##.....#................
..................##....
........................
.......#.........>#. ...
.................... ..
....................


You could see a bombardier beetle.

Vanquished Creatures
  Terence (D:3)
  8 adders
  2 ribbon worms (D:3)
  2 dart slugs (D:1)
  8 orcs
  A bat (D:2)
  6 endoplasms
  3 goblins
  8 hobgoblins
  3 jackals (D:2)
  A quokka (D:1)
  5 ball pythons
  3 frilled lizards
  4 kobolds
  10 rats
65 creatures vanquished.

Notes
Turn   | Place    | Note
-------+----------+-------------------------------------------
     0 | D:1      | Descartes the Formicid Fighter began the quest for the Orb.
     0 | D:1      | Reached XP level 1. HP: 18/18 MP: 1/1
    40 | D:1      | Reached skill level 1 in Earth Magic
    48 | D:1      | Found Dipsibreycw's Weapon Boutique.
    48 | D:1      | Noticed a +0 triple crossbow
    52 | D:1      | Noticed a +0 demon blade
    67 | D:1      | Reached XP level 2. HP: 24/24 MP: 2/2
   523 | D:2      | Reached skill level 1 in Long Blades
   598 | D:2      | Reached XP level 3. HP: 29/29 MP: 3/3
   725 | D:2      | Reached skill level 1 in Translocations
   973 | D:2      | Reached XP level 4. HP: 34/35 MP: 4/4
  1138 | D:2      | Reached skill level 5 in Shields
  1177 | D:3      | Found a large runed translucent door.
  1177 | D:3      | Found a large runed translucent door.
  1301 | D:3      | Found a glowing golden altar of the Shining One.
  1330 | D:3      | Found an ornate altar of the Wu Jian Council.
  1404 | D:3      | Noticed Terence
  1434 | D:3      | Killed Terence
  1435 | D:3      | Reached XP level 5. HP: 33/41 MP: 5/5
  1743 | D:3      | Found a faded altar of an unknown god.
  1834 | D:3      | Found a runed translucent door.
  1835 | D:3      | Noticed Crazy Yiuf
  1868 | D:3      | Noticed magiryoung's ghost (amateur VSFi)
  2086 | D:4      | Found a staircase to the Ecumenical Temple.
  2115 | Temple   | Entered the Ecumenical Temple
  2134 | Temple   | Became a worshipper of Gozag Ym Sagoz the Greedy
  2266 | D:4      | HP: 2/41 [burnt (2)]
  2267 | D:4      | Gained mutation: You are agile. (Dex +4, Str/Int -1)
                  | [potion of mutation]
  2268 | D:4      | Incinerated by a bombardier beetle

Illustrated notes

Levels and vault maps discovered:
D:1:      wander_arrival_desolate, layout_loops_cross, serial_shops,
          nicolae_shop_mannequins
D:2:      layout_basic
D:3:      layout_rooms, lemuel_crystal_altar, pdpol_wu_jian_five_deadly_venoms,
          ebering_ghost_disaster_area,
          dreamdust_ecumenical_altar_hidden_monk_grotto, saegor_snake_ambush,
          uniq_terence, uniq_crazy_yiuf_cottage
D:4:      layout_rooms, makhleb_heckhound_becter,
          minmay_temple_entry_antechambers, guppyfry_early_lair_pool
Temple:   minmay_temple_bridge_abc

Skill      XL: |  1  2  3  4  5 |
---------------+----------------+-----
Earth Magic    | 1 |  1.0
Long Blades    | 1 2 |  2.7
Translocations | 1 2 |  2.2
Shields        | 5 |  5.7
Fighting       | |  3.2
Axes           | |  2.0
Armour         | |  3.2

Action                     |  1- 3 |  4- 6 || total
---------------------------+-------+-------++-------
  Melee: War axe           |    66 |       ||    66
         Short sword       |    10 |   251 ||   261
    Use: Potion            |       |     4 ||     4
 Armour: Scale mail        |    58 |   157 ||   215
  Dodge: Dodged            |    48 |    98 ||   146
  Block: Buckler           |    21 |    59 ||    80
         Kite shield       |       |     7 ||     7
